Cogmind - Beta 11.1 @@@ ROGUE MODE // 2022.04.23 @ 22:41:34 Player: NeraMorte Result: Destroyed by G-47 Trooper with Particle Gun Performance ------------- Evolutions (2) 1000 Regions Visited (5) 1000 Robots Destroyed (79) 395 Value Destroyed (2109) 2109 Prototype IDs (3) 60 Alien Tech Used (0) 0 Bonus (-3) -3 TOTAL SCORE: 4561 Bonus ------- High Alert Combat Kills 11 Friendly Fire -14 Cogmind --------- Core Integrity 0/550 Matter 270/300 Energy 62/100 System Corruption 2% Temperature Cool (9) Movement Rolling (110) Ox2 Location -8/Materials Parts ------- > --- POWER (1) -------- (None) > --- PROPULSION (3) --- Wheel Wheel > --- UTILITY (4) ------ High-capacity Storage Unit Light Armor Plating > --- WEAPON (3) ------- (None) > --- INVENTORY (20) --- Cryofiber Web Small Storage Unit Improved Signal Interpreter Improved Terrain Scan Processor Targeting Computer Targeting Computer Melee Analysis Suite Weapon Cycler Improved Utility Shielding Light Armor Plating Improved Shield Generator Hacking Suite Drone Bay (2/2) Peak State ------------ > --- POWER ------------ Light Nuclear Core > --- PROPULSION ------- Aluminum Leg Aluminum Leg Improved Aluminum Leg > --- UTILITY ---------- Improved Heat Sink High-capacity Storage Unit Weapon Cycler Improved Utility Shielding > --- WEAPON ----------- Field Laser Improved Assault Rifle Advanced EMP Blaster > --- INVENTORY -------- Light Ion Engine Cryofiber Web Small Storage Unit Improved Signal Interpreter Improved Terrain Scan Processor Targeting Computer Targeting Computer Melee Analysis Suite Weapon Cycler Improved Utility Shielding Improved Weapon Shielding Light Armor Plating Light Armor Plating Improved Shield Generator Hacking Suite Drone Bay Drone Bay Arc Projector Arc Projector Arc Projector [Rating: 33] Favorites ----------- Power Light Ion Engine Engine Light Ion Engine Power Core Light Nuclear Core Propulsion Armored Treads Treads Armored Treads Leg Aluminum Leg Wheel Wheel Hover Unit Airjet Flight Unit VTOL Module Utility High-capacity Storage Unit Device Advanced Weight Redist. System Storage High-capacity Storage Unit Processor Melee Analysis Suite Protection Improved Utility Shielding Weapon Heavy Assault Rifle Energy Gun Improved EM Shotgun Ballistic Gun Heavy Assault Rifle Ballistic Cannon Assault Cannon Launcher Advanced EMP Blaster Impact Weapon Flail Build | -11 -10 -10 -9 -9 -8 ------- Run | Scr Mat Min Mat Sto Mat Slots Evolved 4 | . . . 2 . 2 Power . | . . . . . . Propulsion 1 | . . . . . 1 Utility 2 | . . . 1 . 1 Weapon 1 | . . . 1 . . Parts Attached 68 | 6 3 4 10 22 23 Power 7 | 1 . . 2 2 2 Engine 5 | 1 . . 1 2 1 Core 2 | . . . 1 . 1 Reactor . | . . . . . . Propulsion 22 | 2 . 3 2 9 6 Treads 6 | . . 1 2 3 . Leg 7 | . . . . 4 3 Wheel 6 | 2 . 1 . . 3 Hover 1 | . . 1 . . . Flight 2 | . . . . 2 . Utility 17 | 1 3 1 1 4 7 Device 7 | . 1 1 . 2 3 Storage 2 | 1 1 . . . . Processor 1 | . . . . 1 . Hackware . | . . . . . . Protection 7 | . 1 . 1 1 4 Artifact . | . . . . . . Weapon 22 | 2 . . 5 7 8 Energy Gun 9 | 2 . . 1 1 5 Energy Cannon . | . . . . . . Ballistic Gun 8 | . . . 3 4 1 Ballistic Cannon 1 | . . . 1 . . Launcher 2 | . . . . . 2 Special Weapon . | . . . . . . Impact Weapon 2 | . . . . 2 . Slashing Weapon . | . . . . . . Piercing Weapon . | . . . . . . Special Melee Weapon . | . . . . . . Unidentified Prototypes 3 | . . . 2 . 1 Corrupted Parts 1 | . . . . . 1 System Corruption 2 | . . . . . 2 Parts Lost 31 | . . . 3 8 20 Power 6 | . . . 1 2 3 Propulsion 7 | . . . . 2 5 Utility 7 | . . . . 1 6 Weapon 11 | . . . 2 3 6 Highest Loss Streak 15 | . . . 1 3 15 To Critical Strikes 1 | . . . . 1 . Average Slot Usage (%) 94 | . 96 99 98 93 86 Engine 8 | . 14 14 8 8 3 Core 1 | . . . 2 . 3 Treads 13 | . . 7 21 14 . Leg 4 | . . . . 4 19 Wheel 3 | . 28 18 . . 3 Device 8 | . 3 2 11 7 11 Storage 11 | . 17 14 11 11 9 Processor 2 | . . . . 5 1 Protection 10 | . 3 11 10 9 12 Energy Gun 11 | . 28 28 12 3 10 Ballistic Gun 12 | . . . 10 20 7 Ballistic Cannon 3 | . . . 8 . . Impact Weapon 1 | . . . . 5 . Naked Turns . | . . . . . . Heaviest Build 64 | 13 53 51 60 64 61 Greatest Support 49 | 20 26 20 49 49 35 Greatest Overweight (x) 17 | . 2 5 3 17 17 Average Overweight (x) 1 | . 1 2 1 1 1 Largest Inventory Capacity 20 | 8 20 20 20 20 20 Average Capacity 19 | 7 17 20 20 20 20 Most Carried 20 | 7 16 20 20 20 20 Average Carried 18 | 3 9 16 19 18 17 Final Capacity 20 | 8 20 20 20 20 20 Final Carried 20 | 4 16 20 20 17 13 Class Distribution -------------------- 40% | Mutant 36% | Tank 12% | Scavenger-Mutant 5% | Scavenger-Gunner 3% | Scavenger-Tank Dominant Class ---------------- Mutant | -10/Materials Mutant | -10/Mines Tank | -9/Materials Mutant | -9/Storage Scavenger-Gunner | -8/Materials Resources | -11 -10 -10 -9 -9 -8 ----------- Run | Scr Mat Min Mat Sto Mat Matter Collected 1583 | 207 83 40 401 568 284 Remotely . | . . . . . . Salvage Created 3211 | . 201 50 1312 1202 446 Parts 189 | . 11 6 78 63 31 Haulers Intercepted 4 | . 1 . . 3 . Recyclers Shooed 7 | . . . 2 4 1 Parts Field Recycled . | . . . . . . Retrieved Matter . | . . . . . . Parts Self-Destructed . | . . . . . . Prevented . | . . . . . . Kills | -11 -10 -10 -9 -9 -8 ------- Run | Scr Mat Min Mat Sto Mat Combat Hostiles Destroyed 49 | . 3 3 19 19 5 Melee 1 | . . . . 1 . Guns 42 | . 3 3 15 17 4 Cannons 1 | . . . 1 . . AOE 4 | . . . 3 . 1 Classes Destroyed 12 | . 4 2 5 . 1 Worker 5 | . . . 3 1 1 Builder 7 | . 1 . 1 . 5 Tunneler 2 | . . 1 1 . . Hauler 4 | . 1 . . 3 . Recycler 5 | . . . 2 3 . Operator 1 | . 1 . . . . Watcher 6 | . . . 4 1 1 Swarmer 6 | . . 3 . 3 . Grunt 25 | . 3 . 12 6 4 Duelist 1 | . . . 1 . . Sentry 16 | . . . 6 10 . Hunter 1 | . . . . . 1 Best Kill Streak 6 | . 2 4 6 5 4 Combat Bots Only 5 | . 2 4 4 5 2 Max Kills in Single Turn 4 | . 2 1 2 1 4 Gunslinging . | . . . . . . Exploded 2 | . . . 2 . 1 Melee 1 | . . . . 1 . Uniques/NPCs Destroyed . | . . . . . . Combat | -11 -10 -10 -9 -9 -8 -------- Run | Scr Mat Min Mat Sto Mat Damage Taken 5815 | . 114 166 1203 2075 2257 Core 978 | . 24 18 117 257 562 Absorbed by Shields . | . . . . . . Redirected to Shielding 291 | . . . 26 45 220 Core Remaining (%) 63 | 100 . 83 . 6 . Volleys Fired 185 | . 14 8 61 70 32 Largest 3 | . 2 2 3 3 3 Hottest 134 | . 90 90 134 79 134 Shots Fired 406 | . 28 16 146 147 69 Gun 371 | . 28 16 117 147 63 Cannon 29 | . . . 29 . . Launcher 6 | . . . . . 6 Special . | . . . . . . Kinetic 230 | . . . 86 122 22 Thermal 115 | . 28 16 18 25 28 Explosive . | . . . . . . Electromagnetic 61 | . . . 42 . 19 Robot Hit Streak 22 | . 5 7 22 11 16 Robot Miss Streak 6 | . 2 3 3 6 4 Penetration Max . | . . . . . . Secondary Targets 4 | . . 1 . 2 1 Max Gunslinging Chain 1 | . . 1 . 1 1 Shots Hit Robots 284 | . 21 9 97 109 48 Core Hits 136 | . 12 4 54 40 26 Critical Kills . | . . . . . . Critical Parts Destroyed 1 | . . . . 1 . Critical Strikes 3 | . 1 . 1 1 . Burn 2 | . 1 . 1 . . Smash 1 | . . . . 1 . Melee Attacks 25 | . . . . 25 . Impact 25 | . . . . 25 . Slashing . | . . . . . . Piercing . | . . . . . . Sneak Attacks 2 | . . . . 2 . Combat Hostiles . | . . . . . . Follow-up Attacks 4 | . . . . 4 . Damage Inflicted 5787 | . 256 101 1882 2079 1469 Guns 3795 | . 256 101 1360 1395 683 Cannons 278 | . . . 278 . . Explosions 1030 | . . . 244 . 786 Melee 684 | . . . . 684 . Ramming . | . . . . . . Kinetic 2167 | . . . 771 1164 232 Thermal 1696 | . 256 101 442 231 666 Explosive . | . . . . . . Electromagnetic 1240 | . . . 669 . 571 Impact 684 | . . . . 684 . Slashing . | . . . . . . Piercing . | . . . . . . Highest Corruption 2 | . . . . . 2 Average Corruption 2 | . . . . . 2 Corruption Purged . | . . . . . . Corruption Blocked . | . . . . . . Overload Shots . | . . . . . . Overflow Damage 179 | . . . . 100 79 Projectiles . | . . . . . . Explosions 79 | . . . . . 79 Melee 100 | . . . . 100 . Knockbacks 7 | . . . 5 2 . Impact 2 | . . . . 2 . Kinetic 5 | . . . 5 . . Secondary . | . . . . . . Self-Inflicted Damage 323 | . . . 128 . 195 Shots 12 | . . . 4 . 8 Rammed . | . . . . . . Targets Rammed . | . . . . . . Kicked . | . . . . . . Crushed . | . . . . . . Highest Temperature 515 | . 213 222 277 90 515 Average Temperature 84 | . 87 90 66 19 198 Received Heat Transfer 2499 | . 87 . 402 957 1053 Effects 9 | . . . 2 . 7 Shutdowns 1 | . . . . . 1 Energy Bleed 1 | . . . . . 1 Interference 2 | . . . 2 . . Matter Decay 2 | . . . . . 2 Damage (minor) 1 | . . . . . 1 Damage (major) 2 | . . . . . 2 Siege Activations . | . . . . . . Robots Corrupted . | . . . . . . Combat Hostiles . | . . . . . . Parts Fried 6 | . . . 1 2 3 Impact Corruptions 4 | . . . . 4 . Robots Melted . | . . . . . . Combat Hostiles . | . . . . . . Parts Melted 5 | . 2 . . 2 1 Heat Transferred 3492 | . 756 261 830 592 1053 Parts Sabotaged . | . . . . . . Parts Stolen . | . . . . . . Parts Stripped . | . . . . . . Power Chain Reactions 6 | . . . 4 . 2 Missiles Intercepted . | . . . . . . Alert | -11 -10 -10 -9 -9 -8 ------- Run | Scr Mat Min Mat Sto Mat Peak Influence 425 | . 157 166 400 425 222 Initial 133 | . . 61 64 133 121 Average 187 | . 70 158 153 290 125 Maximum Alert Level 2 | . . . 2 2 1 Low Security (%) 61 | 100 100 100 80 11 88 Level 1 36 | . . . 17 86 11 Level 2 1 | . . . 2 1 . Level 3 . | . . . . . . Level 4 . | . . . . . . Level 5 . | . . . . . . High Security . | . . . . . . Max Security . | . . . . . . Squads Dispatched 8 | . 1 1 2 1 3 Investigation 2 | . . 1 . . 1 Extermination . | . . . . . . Reinforcement 6 | . 1 . 2 1 2 Assault . | . . . . . . Garrison . | . . . . . . Intercept . | . . . . . . Searches Triggered . | . . . . . . Construction Impeded 1 | . . . . . 1 Haulers Reinforced . | . . . . . . Active Scanning Responses . | . . . . . . Cargo Convoy Interrupts . | . . . . . . Stealth | -11 -10 -10 -9 -9 -8 --------- Run | Scr Mat Min Mat Sto Mat Distress Signals 6 | . 1 . 2 1 2 Communications Jammed . | . . . . . . Distress Signals . | . . . . . . Times Spotted 89 | . 6 4 33 26 20 Peak Tracking Total 7 | . 4 3 4 7 7 Tactical Retreats 6 | . . . 2 1 3 Traps | -11 -10 -10 -9 -9 -8 ------- Run | Scr Mat Min Mat Sto Mat Traps Triggered 6 | . . . . 5 1 Indirectly . | . . . . . . Trap Hack Attempts . | . . . . . . Triggered . | . . . . . . Disarmed . | . . . . . . Reprogrammed . | . . . . . . Reused . | . . . . . . Traps Extracted . | . . . . . . Installed . | . . . . . . Triggered 1 | . . . . . 1 Machines | -11 -10 -10 -9 -9 -8 ---------- Run | Scr Mat Min Mat Sto Mat Machines Disabled 7 | . . 1 1 1 4 Max in Single Turn 1 | . . 1 1 1 1 Machines Sabotaged . | . . . . . . Garrisons Compromised . | . . . . . . Overloaded Fab Kills . | . . . . . . Hacking | -11 -10 -10 -9 -9 -8 --------- Run | Scr Mat Min Mat Sto Mat Machines Accessed 10 | . . 1 5 3 1 Terminals 9 | . . . 5 3 1 Fabricators . | . . . . . . Repair Stations . | . . . . . . Recycling Units . | . . . . . . Scanalyzers . | . . . . . . Garrison Access . | . . . . . . Total Hacks 16 | . . 1 8 5 2 Successful 14 | . . 1 8 4 1 Failed 2 | . . . . 1 1 Catastrophic 1 | . . . . 1 . Database Lockouts . | . . . . . . Manual . | . . . . . . Terminals 15 | . . . 8 5 2 Fabricators . | . . . . . . Repair Stations . | . . . . . . Recycling Units . | . . . . . . Scanalyzers . | . . . . . . Garrison Access . | . . . . . . Terminal Hacks 14 | . . 1 8 4 1 Record 6 | . . . 4 1 1 Open Door 2 | . . 1 . 1 . Emergency Access Points 1 | . . . 1 . . Alert Level 1 | . . . 1 . . Locate Traps 1 | . . . 1 . . Registered Components 1 | . . . . 1 . Zone Layout 2 | . . . 1 1 . Fabricator Hacks . | . . . . . . Repair Station Hacks . | . . . . . . Recycling Unit Hacks . | . . . . . . Scanalyzer . | . . . . . . Garrison Access Hacks . | . . . . . . Unauthorized Hacks . | . . . . . . Terminals . | . . . . . . Fabricators . | . . . . . . Repair Stations . | . . . . . . Recycling Units . | . . . . . . Scanalyzers . | . . . . . . Garrison Access . | . . . . . . Data Cores Recovered . | . . . . . . Used . | . . . . . . Hacking Detections 5 | . . . 2 2 1 Full Trace Events . | . . . . . . Feedback Events . | . . . . . . Feedback Blocked . | . . . . . . Robot Schematics Acquired . | . . . . . . Robots Built . | . . . . . . Authchips . | . . . . . . Time . | . . . . . . Total Robot Build Rating . | . . . . . . Part Schematics Acquired . | . . . . . . Parts Built . | . . . . . . Authchips . | . . . . . . Time . | . . . . . . Total Part Build Rating . | . . . . . . Parts Repaired . | . . . . . . Time . | . . . . . . Parts Recycled . | . . . . . . Recycled Matter . | . . . . . . Retrieved Matter . | . . . . . . Retrieved Components . | . . . . . . Parts Scanalyzed . | . . . . . . Part Schematics Acquired . | . . . . . . Parts Damaged . | . . . . . . Bothacking | -11 -10 -10 -9 -9 -8 ------------ Run | Scr Mat Min Mat Sto Mat Used RIF Installer . | . . . . . . Robots Hacked . | . . . . . . Non-combat . | . . . . . . Combat . | . . . . . . Robot Hacks Applied . | . . . . . . Relay Couplers Released . | . . . . . . Fabnet Peak Effective % . | . . . . . . Robots Rewired . | . . . . . . Allies Hacked . | . . . . . . Hacks Repelled . | . . . . . . Allies | -11 -10 -10 -9 -9 -8 -------- Run | Scr Mat Min Mat Sto Mat Total Allies . | . . . . . . Largest Group . | . . . . . . Highest-Rated Group . | . . . . . . Highest-Rated Ally . | . . . . . . Total Orders . | . . . . . . Ally Attacks . | . . . . . . Total Damage . | . . . . . . Kills . | . . . . . . Allies Corrupted . | . . . . . . Allies Melted . | . . . . . . Intel | -11 -10 -10 -9 -9 -8 ------- Run | Scr Mat Min Mat Sto Mat Robot Analysis Total . | . . . . . . Derelict Logs Recovered . | . . . . . . Drone Launches 6 | . . . . 4 2 Drone Recoveries 2 | . . . . 2 . Exploration | -11 -10 -10 -9 -9 -8 ------------- Run | Scr Mat Min Mat Sto Mat Turns Passed 4349 | 48 238 276 1614 1433 740 Spaces Moved 1536 | 42 181 169 513 401 230 Core 22 | 5 . 1 6 6 4 Treads 794 | . . . 507 287 . Legs 317 | . . . . 93 224 Wheels 366 | 37 181 146 . . 2 Hover 22 | . . 22 . . . Flight 15 | . . . . 15 . Fastest Speed 50 | 50 80 110 170 170 110 Average Speed 219 | 76 96 137 248 274 239 Slowest Speed 1075 | 80 110 200 250 1075 900 Overloaded Moves . | . . . . . . Propulsion Burnouts . | . . . . . . Robots Hopped . | . . . . . . Cave-ins Triggered . | . . . . . . Exploration Rate (%) 38 | 3 44 38 59 60 26 Regions Visited 5 Branch Regions 2 Pre-discovered Areas . | . . . . . . Known Exits Taken . | . . . . . . Unknown Exits Taken 5 | 1 1 1 1 1 . Scrap Searched . | . . . . . . Spaces Dug . | . . . . . . Terrain Destroyed 33 | . . . 24 . 9 Melee . | . . . . . . Projectile 8 | . . . 8 . . AOE 25 | . . . 16 . 9 Terrain Rammed . | . . . . . . Walls Destroyed . | . . . . . . Machines Disabled . | . . . . . . Actions | -11 -10 -10 -9 -9 -8 --------- Run | Scr Mat Min Mat Sto Mat Total 2150 | 57 217 198 735 564 379 Wait 230 | . 5 10 129 21 65 Move 1531 | 41 180 168 512 400 230 Hop . | . . . . . . Pick Up 73 | 10 14 5 10 15 19 Fast Attach 16 | . . 2 8 5 1 Attach 48 | 6 2 1 2 17 20 Detach . | . . . . . . Swap 4 | . 1 1 . . 2 Drop 38 | . 1 3 13 11 10 Fire 185 | . 14 8 61 70 32 Melee 21 | . . . . 21 . Ram . | . . . . . . Kick . | . . . . . . Crush . | . . . . . . Escape Stasis 4 | . . . . 4 . Rewire . | . . . . . . Trap . | . . . . . . Miscellaneous . | . . . . . . Route ------- -11/Scrapyard -10/Materials -10/Mines -9/Materials (discovered 2 exits: *Sto x2) -9/Storage -8/Materials History --------- Turn | Location | Event 18 | -11/Scrapyard | Discovered new exit (range 16) 49 | -11/Scrapyard | Entered Materials 282 | -10/Materials | Discovered new exit (range 6) 287 | -10/Materials | Entered Mines 302 | -10/Mines | Build established: Mutant 462 | -10/Mines | Discovered new exit (range 6) 494 | -10/Mines | Met a Derelict shopkeep closing up shop 563 | -10/Mines | Entered Materials 563 | -9/Materials | Evolved 2 slots: Utility x1, Weapon x1 906 | -9/Materials | Discovered new exit (range 4) 1096 | -9/Materials | Build established: Tank 2086 | -9/Materials | Discovered new exit (range 15) 2177 | -9/Materials | Entered Storage 2499 | -9/Storage | Build established: Mutant 3036 | -9/Storage | Core integrity fell below 50% 3093 | -9/Storage | Core integrity fell below 20% 3142 | -9/Storage | Lost 3 parts (2n1w) 3532 | -9/Storage | Discovered new exit (range 16) 3610 | -9/Storage | Entered Materials 3610 | -8/Materials | Evolved 2 slots: Propulsion x1, Utility x1 3907 | -8/Materials | Lost 3 parts (1p1n1u) 4272 | -8/Materials | Core integrity fell below 50% 4327 | -8/Materials | Core integrity fell below 20% 4350 | -8/Materials | Destroyed by G-47 Trooper with Particle Gun Last Messages --------------- 04328_ Acquired 20 matter. 04328_ U-05 Engineer lays Concrete. 04329_ Imp. Weapon Shielding destroyed. 04330_ K-01 Serf collects debris. 04330_ U-05 Engineer builds a Door. 04332_ Arc Projector destroyed. 04333_ K-01 Serf collects debris. 04334_ U-05 Engineer builds a Wall. 04334_ Drone Bay destroyed. 04334_ >> Lost connection to Drone. 04337_ K-01 Serf collects debris. 04339_ U-05 Engineer lays Concrete. 04341_ K-01 Serf collects debris. 04342_ U-05 Engineer builds a Wall. 04344_ Acquired Corrupted Wheel. 04345_ Integrated Corrupted Wheel (+2). 04345_ K-01 Serf collects debris. 04348_ Acquired Wheel. 04348_ G-47 Trooper misfires. 04350_ K-01 Serf collects debris. Map ----- +----------------------------------------------------+ | | | ????????????????????????????????????????????###### | | ????????????????????????????????????????????# | | ####????????????????????????????????????????# T | | #????????????????????????????????????????# | | #??????????????########????????????####### | | "" #??????????????#! !#????????????# #! | | "" #??????????????#! !!#?????######## # """ | | "" ################ #?????#[ [==% / """ | | + ##### ####### ###### # """ | | ##### #???# + + #????# # | | #???# ##### # # #????### ### """ | | ####???# # # #??????# #?# """ | | ???????# ###+##### # # #??????# #?# """ | | ???????# # ## # # ########+### | | ???????# + ## # # ## ####### | | ???????# ###### ## ###### ## #?????? | | ???????# #????# ## #???## ## =""" #?????? | | ???????# ?????# ## ##### # """"" #?????? | | ???????#+?????# ## + """" #?????? | | ??????????????######### # """" #?????? | | ????????????########### """ # """ #?????? | | ????????????# # """ # ! #?????? | | ????????????# # """ # = #?????? | | ????????????# "#!!! g ##########?????? | | ???????????## *#!%@ ###########????? | | ???????????# [ %#= % """ # #????? | | ????????????# !! =Y%%! """ # #????? | | ????????????# !! !% !#!=! a""" + #????? | | ????????????# ! *#%%k # ###### | | ????????###############%[ ####### ### | | ?????# k! #???# # """ | | ????? = n ##### # R" | | ????? !%= " % = ! / """ | | ????? *! !##### # | | ???????####+########## % a # #?# #] [ ! | | ?????????????????????# ###########?############ | | ?????????????????????# #???! #????????????? | | ?????????????????????# #?? #????????????? | | ?????????????????????# + """ """ #????????????? | | ?????????????????????# # """ """ #????????????? | | ?????????????????????# # """ """ #????????????? | | ?????????????????????# # #????????????? | | ?????????????????????# #? #????????????? | | ?????????????????????# #? = #????????????? | | ?????????????????????# #?######+?#????????????? | | ?????????????????????# #??????????????????????? | | ?????????????????????# #??????????????????????? | | ?????????????????????# #??????????????????????? | | ?????????????????????# ??????????????????????? | +----------------------------------------------------+ Best States ------------- Heat Dissipation 45 Energy Generation 14 Energy Capacity 265 Matter Stores 300 Matter Capacity 300 Sight Range 16 Terrain Scan Density 10 Additional Mass Support 9 Armor Coverage 150 Utility Shielding 66 Weapon Shielding 66 Weapon Cycling 15 Evasion (%) 44 Melee Accuracy 5 Recoil Reduction 2 Item Schematics ----------------- None Robot Schematics ------------------ None Fabricated ------------ Nothing Alien Tech Used ----------------- None Achievements -------------- None Challenges ------------ None Game ------ Seed MetafiberQuantumCannon Manual? 0 Play Time 00:56:09 Cumulative 51.9 hours Start 2022.04.23 @ 21:45:36 End 2022.04.23 @ 22:41:34 Sessions 1 Manual Loads 0 Difficulty Rogue Special Mode None Game No. 42 Rogue 42 Adventurer 0 Explorer 0 Win Type - Total 0 Types 0/0/0/0/0/0/0/0/0 Lore% 21 Gallery% 30 Achievement% 23 Wizard Run 0 Options --------- ASCII 0 Keyboard 0 Movement Numpad Keybinds 0 Fullscreen 1 Font 24/Smallcaps Map View 76x50 Tactical HUD 1 Map Filters NONE Filters NONE Steam 1 RUN: ceead256-6c16-4dde-ad01-61800a1179ef